 Dungeon Crawl Stone Soup version 0.26.1-11-gd32895ea62 (webtiles) character file.

Game seed: 15730943465973201687

215066 Tirrikindir the Impaler (level 19, 0/158 HPs)
             Began as an Octopode Fighter on May 28, 2021.
             Was an Initiate of Gozag.
             Killed from afar by a shock serpent (13 damage)
             ... with an electric aura
             ... on level 3 of the Snake Pit on May 29, 2021.
             The game lasted 02:15:22 (34588 turns).

Tirrikindir the Impaler (Octopode Fighter)         Turns: 34588, Time: 02:15:22

Health: 0/158      AC:  9    Str: 45    XL:     19   Next: 1%
Magic:  19/19      EV: 24    Int: 10    God:    Gozag
Gold:   1247       SH: 22    Dex: 16    Spells: 18/18 levels left

rFire    + . .     SeeInvis +   H - +7 trident (vamp)
rCold    + . .     Faith    .   b - +5 kite shield
rNeg     . . .     Spirit   .   E - +2 hat
rPois    +         Reflect  .   W - amulet "Bufegie" {rPois Will+ Regen+ Str+7 Dex-5}
rElec    .         Harm     .   k - ring of protection from cold
rCorr    .         Rampage  .   a - +6 ring of dexterity
Will     +++..                  P - +6 ring of strength
Stlth    ++++++....             z - +6 ring of strength
HPRegen  1.16/turn              l - +4 ring of protection
MPRegen  0.16/turn              K - ring of Serendipity {*Contam +Fly rF- Str+8 SInv}
                                S - ring "Sotaisk" {+Fly rPois rF++ Str-2 SInv}
                                s - ring of Wotur Hife {Will+ Slay+3}

@: gold aura, studying Fighting
A: almost no armour, stealthy swim, amphibious, 8 rings, constrict 8, antennae
1, icy blue scales 1, camouflage 1, regeneration 1, robust 1, gelatinous body 1,
evolution 2, no potion heal 1
}: 1/15 runes: decaying
a: Renounce Religion, Evoke Flight, Potion Petition, Call Merchant, Bribe Branch


You were on level 3 of the Snake Pit.
You worshipped Gozag.
Gozag was most pleased with you.
You visited 6 branches of the dungeon, and saw 32 of its levels.
You also visited: Sewer, Bailey, Ice Cave and Volcano.

You collected 13148 gold pieces.
You spent 9633 gold pieces at shops.
You paid 2268 gold pieces to Gozag.

Inventory:

Hand Weapons
 H - a +7 vampiric trident (weapon)
Missiles
 v - 111 boomerangs (quivered)
Armour
 b - a +5 kite shield (worn)
 E - a +2 hat (worn)
Jewellery
 a - a +6 ring of dexterity (right tentacle)
 c - an uncursed ring of protection from fire
 k - a ring of protection from cold (left tentacle)
 l - a +4 ring of protection (on tentacle)
 s - the ring of Wotur Hife (on tentacle) {Will+ Slay+3}
   (You bought it in a shop on level 9 of the Dungeon)

   [ring of willpower]

   It affects your accuracy and damage with ranged weapons and melee attacks
   (+3).
   It affects your willpower, your defense against some magical effects.
 z - a +6 ring of strength (on tentacle)
 K - the ring of Serendipity (on tentacle) {*Contam +Fly rF- Str+8 SInv}
   (You bought it in a shop on level 9 of the Dungeon)

   [ring of flight]

   It affects your strength (+8).
   It makes you vulnerable to fire.
   It lets you see invisible.
   It lets you fly.
   It causes magical contamination when unequipped.
 P - a +6 ring of strength (on tentacle)
 S - the ring "Sotaisk" (on tentacle) {+Fly rPois rF++ Str-2 SInv}
   (You bought it in a shop on level 9 of the Dungeon)

   [ring of flight]

   It affects your strength (-2).
   It greatly protects you from fire.
   It protects you from poison.
   It lets you see invisible.
   It lets you fly.
 V - an uncursed ring of protection from cold
 W - the amulet "Bufegie" (around mantle) {rPois Will+ Regen+ Str+7 Dex-5}
   (You bought it in a shop on level 9 of the Dungeon)

   [amulet of regeneration]

   It affects your strength (+7).
   It affects your dexterity (-5).
   It protects you from poison.
   It affects your willpower, your defense against some magical effects.
   It increases your rate of regeneration.
Wands
 p - a wand of acid (22)
 u - a wand of enslavement (35)
 y - a wand of flame (113)
 C - a wand of iceblast (12)
 G - a wand of digging (22)
 L - a wand of disintegration (59)
 O - a wand of paralysis (45)
Scrolls
 e - 3 scrolls of fog
 i - 4 scrolls of fear
 j - 4 scrolls of blinking
 m - 14 scrolls of teleportation
 n - 6 scrolls of remove curse
 t - 5 scrolls of identify
 I - 2 scrolls of magic mapping
 N - 2 scrolls of silence
Potions
 d - 7 potions of flight
 f - 3 potions of magic
 g - 5 potions of heal wounds
 h - 20 potions of curing
 q - 5 potions of haste
 r - 3 potions of invisibility
 x - 2 potions of cancellation
 M - 5 potions of berserk rage
 T - 5 potions of resistance
 U - 5 potions of ambrosia
Books
 R - a manual of Fighting
Miscellaneous
 w - a box of beasts
 D - a phantom mirror
 F - a phial of floods


   Skills:
 * Level 17.1 Fighting
 - Level 3.7 Long Blades
 + Level 17.9 Polearms
 + Level 14.9 Dodging
 - Level 12.0 Stealth
 + Level 14.9 Shields
 - Level 12.0 Evocations


You had 18 spell levels left.
You didn't know any spells.
Your spell library contained the following spells:

 Spells                   Type           Power        Failure   Level
 Animate Skeleton         Necr           0%           36%         1
 Apportation              Tloc           0%           36%         1
 Beastly Appendage        Tmut           0%           36%         1
 Corona                   Hex            0%           36%         1
 Magic Dart               Conj           0%           36%         1
 Sandblast                Erth           0%           36%         1
 Summon Small Mammal      Summ           0%           36%         1
 Blink                    Tloc           N/A          50%         2
 Call Imp                 Summ           0%           50%         2
 Ensorcelled Hibernation  Hex/Ice        0%           50%         2
 Passwall                 Tmut/Erth      0%           50%         2
 Slow                     Hex            0%           50%         2
 Wereblood                Tmut           0%           50%         2
 Call Canine Familiar     Summ           0%           75%         3
 Confusing Touch          Hex            0%           75%         3
 Conjure Flame            Conj/Fire      0%           75%         3
 Dazzling Flash           Conj/Hex       0%           75%         3
 Gell's Gravitas          Tloc           0%           75%         3
 Mephitic Cloud           Conj/Pois/Air  0%           75%         3
 Spider Form              Tmut/Pois      0%           75%         3
 Stone Arrow              Conj/Erth      0%           75%         3
 Summon Guardian Golem    Hex/Summ       0%           75%         3
 Tukima's Dance           Hex            0%           75%         3
 Ice Form                 Ice/Tmut       0%           98%         4
 Petrify                  Tmut/Erth      0%           98%         4
 Summon Ice Beast         Ice/Summ       0%           98%         4
 Summon Lightning Spire   Summ/Air       0%           98%         4
 Blade Hands              Tmut           0%           100%        5
 Bolt of Magma            Conj/Fire/Erth 0%           100%        5
 Iskenderun's Battlesphe  Conj           0%           100%        5
 Lee's Rapid Deconstruct  Erth           0%           100%        5
 Metabolic Englaciation   Hex/Ice        0%           100%        5
 Summon Forest            Summ/Tloc      0%           100%        5
 Yara's Violent Unravell  Hex/Tmut       0%           100%        5
 Iron Shot                Conj/Erth      0%           100%        6
 Orb of Destruction       Conj           0%           100%        7
 Spellforged Servitor     Conj/Summ      0%           100%        7
 Summon Hydra             Summ           0%           100%        7


Dungeon Overview and Level Annotations

Branches:
Dungeon (15/15)            Temple (1/1) D:6            Lair (6/6) D:9
  Swamp (4/4) Lair:3        Snake (4/4) Lair:3        Slime (0/5) Lair:6
    Orc (2/2) D:11            Elf (0/3) Orc:2        Vaults (0/5) D:13
  Sewer (visited)          Bailey (visited)           IceCv (visited)
Volcano (visited)
 Depths: D:15

Altars:
Ashenzari
Cheibriados
Dithmenos
Elyvilon
Fedhas
Gozag
Hepliaklqana
Kikubaaqudgha
Makhleb
Nemelex Xobeh
Okawaru
Qazlal
Ru
Sif Muna
Trog
Uskayaw
Vehumet
Wu Jian
Xom
Yredelemnul
Zin
The Shining One
Beogh
Jiyva

Shops:
D:4 *=::   D:5 :   D:9 =:*   D:12 (   D:13 *}**   D:14 (?*   D:15 *
Orc:2 :**[

Annotations:
Swamp:1 2 transporters, Klatu's ghost, journeyman DsNe
Swamp:4 2 transporters, Jeuwayte's ghost, adept DgEE
Snake:4 Bai Suzhen


Innate Abilities, Weirdness & Mutations

You cannot wear most types of armour.
You are very stealthy in the water. (Stealth+)
You are amphibious.
You can wear up to eight rings at the same time.
You can use your tentacles to constrict eight enemies at once.
Your skin changes colour to match your surroundings (Stealth+).
Your rubbery body absorbs attacks. (AC +1, EV +1)
You have a pair of small antennae on your head.
You are partially covered in icy blue scales. (AC +2)
Your natural rate of healing is unusually fast.
You are robust. (+10% HP)
You rapidly evolve.
Potions are less effective at restoring your health.


Message History

* * * LOW HITPOINT WARNING * * *
As you read the scroll of fear, it crumbles to dust.
You assume a fearsome visage.
The black mamba looks frightened!
The shock serpent looks frightened!
The sea snake looks frightened!
The black mamba looks frightened! x2; You constrict the shock serpent.
The shock serpent's electric aura discharges, shocking you!
* * * LOW HITPOINT WARNING * * *
The black mamba becomes distracted by the nearby gold, dreaming of imaginary riches. x2
The shock serpent struggles to escape constriction.
You catch the helpless shock serpent completely off-guard!
You hit the shock serpent.
Your attack snaps the shock serpent out of its fear.
The shock serpent is severely wounded.
The shock serpent's electric aura discharges, shocking you!
* * * LOW HITPOINT WARNING * * *
You constrict the shock serpent!
The shock serpent struggles to escape constriction.
The shock serpent's electric aura discharges, shocking you!
You die...
Your body crumbles into a pile of gold.

##### ##.# ###....
#...######.######...#..
#.[.##...#........###..
####...##.........##......
#...........#.....##...... #
#)..####>....#.....#...... ####
#.......)###.....!#####... ...###
######..##S..#............
.#...#### ###.S.@$..##...........
.###....###....SS[...........#...
.##)........#.....#S##.........##
..(.####............##.........#
....######.#####.#.............##
...###...#.# #......#...###......
..## #.<...###.#...##...........#
...# #........................(..
(⌠.#####....^.....#...#....###...


You could see a sea snake (fleeing), a shock serpent (fleeing) and 3 black
mambas.

Vanquished Creatures
  Mara (Snake:3)
  A thorn hunter (Swamp:2)
  Kirke (D:12)
  A nagaraja (Snake:3)
  A frost giant (IceCv)
  Aizul (Snake:2)
  The ghost of Benwarutz the Fighter, a journeyman HOFi of Beogh (Lair:5)
  A ghoul (Swamp:2)
  7 bunyips
  Nessos (Lair:4)
  4 eleionomae
  3 shambling mangroves
  Josephine (Swamp:1)
  22 hydras
  2 boulder beetles
  2 ghost crabs
  Erica (D:8)
  9 naga warriors
  5 anacondas
  7 two-headed ogres
  A death knight (D:14)
  A tengu warrior (D:15)
  A spriggan berserker (Swamp:4)
  16 alligators
  A sun demon (Volcano)
  5 orc high priests (Orc:2)
  Urug (Lair:4)
  Sonja (Lair:3)
  9 naga sharpshooters
  2 shock serpents
  2 salamander mystics
  4 unseen horrors
  11 swamp dragons (Swamp:4)
  2 sea snakes (Snake:1)
  2 goliath frogs
  4 spriggan druids
  The ghost of Zeld the Thrower, a novice OpFi of Okawaru (D:8)
  4 naga ritualists
  2 wizards (D:13)
  12 bog bodies
  9 mana vipers
  A wolf spider zombie (D:12)
  An oklob plant (Snake:1)
  A lindwurm (Lair:4)
  9 orc knights
  18 ugly things
  Pikel (D:5)
  2 manticores
  9 deep elf magi (Orc:1)
  2 cyclopes
  7 salamanders
  2 orc sorcerers
  6 will-o-the-wisps
  An ice statue (IceCv)
  5 naga magi (Snake:2)
  33 black mambas
  7 elephants
  A guardian serpent (Snake:3)
  A torpor snail (Lair:6)
  23 cane toads
  3 gargoyles
  4 centaur skeletons
  A rime drake (Lair:6)
  2 kobold demonologists (D:12)
  15 komodo dragons
  3 tengu conjurers (D:15)
  A red devil (Volcano)
  4 trolls
  A meliai (Lair:5)
  A queen bee (Lair:5)
  A bloated husk (Swamp:1)
  10 tyrant leeches
  13 hornets
  16 polar bears
  3 slime creatures (D:12)
  33 blink frogs
  15 dream sheep
  9 spriggans
  2 shadows (D:11)
  65 yaks
  A vampire (D:14)
  7 wraiths
  4 wyverns
  6 basilisks
  2 steam dragons
  3 hogs (D:12)
  14 vampire mosquitoes
  Menkaure (D:3)
  25 nagas
  14 swamp worms
  5 wargs
  2 acid dragons (D:13)
  A soldier ant (D:11)
  3 hell hounds
  17 water moccasins
  10 swamp drakes
  2 phantoms
  An eye of draining (D:12)
  14 ice beasts
  3 black bears
  12 ogres
  46 orc warriors
  4 sky beasts
  An eye of draining (shapeshifter) (D:14)
  4 necrophages (Swamp:2)
  18 wolves
  6 centaurs
  A lemure (D:5)
  33 bullfrogs
  Blork the orc (D:5)
  4 big kobolds
  A wyvern skeleton (D:10)
  6 scorpions
  11 killer bees
  26 wights
  A howler monkey (D:11)
  4 electric eels
  5 centaur zombies
  3 bullfrog zombies
  6 jellies
  7 quasits
  4 hounds
  A gnoll shaman (D:4)
  2 bullfrog skeletons
  28 orc priests
  Crazy Yiuf (D:5)
  5 iguanas
  25 orc wizards
  9 worker ants
  A killer bee zombie (D:9)
  A hound zombie (D:7)
  12 adders
  6 gnolls
  4 river rats (D:6)
  2 shadow imps
  A white imp (D:7)
  2 ufetubi
  4 oozes
  2 adder skeletons
  2 dart slugs
  7 worms
  2 leopard geckos
  120 orcs
  3 giant cockroaches
  5 goblins
  12 hobgoblins
  10 jackals
  37 kobolds
  5 quokkas
  A ball python (D:1)
  7 bats
  5 frilled lizards
  A giant cockroach zombie (D:3)
  A jackal skeleton (D:6)
  11 rats
  2 butterflies (Lair:5)
1171 creatures vanquished.

Vanquished Creatures (collateral kills)
  An anaconda (Snake:3)
  2 yaks (Lair:3)
3 creatures vanquished.

Vanquished Creatures (others)
  A bloated husk (Swamp:4)
  An orc warrior (Orc:1)
  A bush (Lair:6)
  26 foxfires
  58 fungi
  235 plants
322 creatures vanquished.

Grand Total: 1496 creatures vanquished

Notes
Turn   | Place    | Note
-------+----------+-------------------------------------------
     0 | D:1      | Tirrikindir the Octopode Fighter began the quest for the
                  | Orb.
     0 | D:1      | Reached XP level 1. HP: 16/16 MP: 1/1
   181 | D:1      | Reached XP level 2. HP: 11/21 MP: 2/2
   186 | D:1      | Reached skill level 1 in Stealth
   947 | D:1      | Reached XP level 3. HP: 26/26 MP: 3/3
  1622 | D:2      | Reached XP level 4. HP: 30/31 MP: 4/4
  2085 | D:3      | Found a transporter.
  2090 | D:3      | Found a transporter.
  2204 | D:3      | Found an ancient bone altar of Kikubaaqudgha.
  2208 | D:3      | Noticed Menkaure
  2210 | D:3      | Noticed a centaur
  2231 | D:3      | Killed a centaur
  2232 | D:3      | Reached XP level 5. HP: 20/36 MP: 5/5
  2361 | D:3      | Found a basalt altar of Yredelemnul.
  2366 | D:3      | Noticed a phantom
  2367 | D:3      | Found the +8 autumn katana {vorpal, Clar}
  3237 | D:4      | Found Imoitux's Book Boutique.
  3284 | D:4      | Found Kecikagh's Jewellery Boutique.
  3294 | D:4      | Reached XP level 6. HP: 32/43 MP: 6/6
  3438 | D:4      | Found Lev Zoy's General Store.
  3450 | D:4      | Bought a scroll of identify for 22 gold pieces
  3525 | D:4      | Reached skill level 1 in Evocations
  3538 | D:4      | Reached skill level 1 in Polearms
  3744 | D:4      | Found Lamibb's Book Shoppe.
  4090 | D:5      | Entered Level 5 of the Dungeon
  4122 | D:5      | Reached XP level 7. HP: 44/48 MP: 7/7
  4156 | D:5      | Found a runed translucent door.
  4157 | D:5      | Noticed Crazy Yiuf
  4167 | D:5      | Killed Crazy Yiuf
  4210 | D:5      | Found a stormy altar of Qazlal.
  4218 | D:5      | Noticed Blork the orc
  4231 | D:5      | Killed Blork the orc
  4421 | D:5      | Noticed Pikel
  4427 | D:5      | Killed Pikel
  4428 | D:5      | Reached XP level 8. HP: 40/54 MP: 8/8
  5280 | D:5      | Found Huciqoynte's Book Emporium.
  5640 | D:6      | Found a staircase to the Ecumenical Temple.
  6084 | D:6      | Found a shimmering altar of Xom.
  6088 | D:6      | Found a radiant altar of Vehumet.
  6163 | D:6      | Reached XP level 9. HP: 58/58 MP: 9/9
  6304 | D:6      | Found a glowing drain.
  6308 | Sewer    | Entered a sewer
  6773 | Temple   | Entered the Ecumenical Temple
  6809 | Temple   | Became a worshipper of Gozag Ym Sagoz the Greedy
  7633 | D:7      | Reached skill level 5 in Dodging
  7633 | D:7      | Reached skill level 5 in Stealth
  7633 | D:7      | Reached skill level 5 in Shields
  8302 | D:7      | Reached XP level 10. HP: 29/65 MP: 10/10
  8705 | D:7      | Reached skill level 5 in Fighting
  8923 | D:8      | Found a flagged portal.
  8939 | Bailey   | Entered a bailey
  9071 | Bailey   | Noticed an orc knight
  9109 | Bailey   | Killed an orc knight
  9871 | D:8      | Noticed Zeld's ghost (novice OpFi)
  9872 | D:8      | Found a transporter.
  9910 | D:8      | Noticed Erica
  9921 | D:8      | Killed Erica
  9927 | D:8      | Found a transporter.
 10257 | D:4      | Bought a +6 ring of strength for 585 gold pieces
 10257 | D:4      | Bought a +4 ring of evasion for 360 gold pieces
 10888 | D:9      | Found a staircase to the Lair.
 11133 | D:9      | Reached XP level 11. HP: 69/72 MP: 11/11
 11138 | D:9      | Reached skill level 10 in Polearms
 11378 | D:9      | Reached skill level 5 in Evocations
 11870 | D:3      | Killed Menkaure
 12082 | D:10     | Entered Level 10 of the Dungeon
 12248 | D:10     | Noticed a two-headed ogre
 12259 | D:10     | Killed a two-headed ogre
 12347 | D:10     | Noticed a red ugly thing
 12360 | D:10     | Killed a red ugly thing
 13021 | D:11     | Found a staircase to the Orcish Mines.
 13234 | D:11     | Noticed a four-headed hydra
 13244 | D:11     | Killed a four-headed hydra
 13312 | D:11     | Noticed a two-headed ogre
 13324 | D:11     | Killed a two-headed ogre
 13325 | D:11     | Reached XP level 12. HP: 75/80 MP: 12/12
 13366 | D:11     | Noticed a boulder beetle
 13395 | D:11     | Killed a boulder beetle
 14054 | D:12     | Noticed Kirke
 14072 | D:12     | Killed Kirke
 14413 | D:12     | Found Cyxat's Weapon Shoppe.
 14638 | D:12     | Noticed a boulder beetle
 14656 | D:12     | Killed a boulder beetle
 14893 | D:12     | Reached XP level 13. HP: 82/86 MP: 13/13
 15262 | D:4      | Bought a manual of Polearms for 1324 gold pieces
 15464 | Lair:1   | Entered Level 1 of the Lair of Beasts
 15593 | Lair:1   | Reached skill level 10 in Stealth
 15593 | Lair:1   | Reached skill level 10 in Shields
 15697 | Lair:1   | Reached skill level 10 in Dodging
 17144 | Lair:3   | Noticed Sonja
 17171 | Lair:3   | Killed Sonja
 17287 | Lair:3   | Found a staircase to the Snake Pit.
 17953 | Lair:3   | Found a staircase to the Swamp.
 18314 | D:9      | Bought the ring of Serendipity {*Contam +Fly rF- Str+8
                  | SInv} for 427 gold pieces
 18614 | Lair:4   | Gained mutation: Scrolls take you a little longer to read.
                  | [potion of mutation]
 18614 | Lair:4   | Gained mutation: You evolve. [potion of mutation]
 18614 | Lair:4   | Lost mutation: Scrolls take you a little longer to read.
                  | [potion of mutation]
 18614 | Lair:4   | Gained mutation: You have a pair of small antennae on your
                  | head. [potion of mutation]
 18900 | Lair:4   | Noticed Urug
 18906 | Lair:4   | Killed Urug
 18916 | Lair:4   | Noticed Nessos
 18927 | Lair:4   | Killed Nessos
 18928 | Lair:4   | Reached XP level 14. HP: 95/95 MP: 14/14
 19527 | D:9      | Bought the ring "Sotaisk" {+Fly rPois rF++ Str-2 SInv} for
                  | 600 gold pieces
 20102 | Lair:5   | Found a transporter.
 20104 | Lair:5   | Found a transporter.
 20129 | Lair:5   | Noticed Benwarutz's ghost (journeyman HOFi)
 20280 | Lair:5   | Gained mutation: Potions are less effective at restoring
                  | your health. [evolution]
 20667 | D:13     | Found Voikuesa's General Store.
 20880 | D:13     | Found a roughly hewn altar of Beogh.
 21109 | D:13     | Found a gate to the Vaults.
 21135 | D:13     | Found Yxtetov's General Store.
 21140 | D:13     | Found Dotah's Gadget Shoppe.
 21360 | D:13     | Found Qidgh's Assorted Antiques.
 21374 | D:13     | Bought a scroll labelled APHEADIA XAUDEX for 29 gold pieces
 21374 | D:13     | Bought a glowing trident for 188 gold pieces
 21570 | D:9      | Bought the ring of Wotur Hife {Will+ Slay+3} for 579 gold
                  | pieces
 21639 | D:14     | Gained mutation: Your natural rate of healing is unusually
                  | fast. [evolution]
 21693 | D:14     | Found a frozen archway.
 21703 | D:14     | Reached skill level 15 in Polearms
 21782 | IceCv    | Entered an ice cave
 21947 | IceCv    | Reached skill level 10 in Fighting
 22386 | IceCv    | Reached XP level 15. HP: 95/104 MP: 15/15
 22435 | IceCv    | Noticed a frost giant
 22452 | IceCv    | Killed a frost giant
 22719 | D:14     | Found Xaschoss's Weapon Boutique.
 22745 | D:14     | You fall into a shaft and drop 1 floor!
 22745 | D:15     | Entered Level 15 of the Dungeon
 22942 | D:15     | Found Voalar's General Store.
 22954 | D:15     | Bought a scroll of identify for 28 gold pieces
 22989 | D:14     | Found Zuirro's Magic Scroll Emporium.
 22998 | D:14     | Bought a scroll of identify for 32 gold pieces
 22998 | D:14     | Bought a scroll of identify for 32 gold pieces
 23215 | D:14     | Found Piliokh's Assorted Antiques.
 23223 | D:14     | Bought a runed onyx ring for 160 gold pieces
 23234 | D:14     | Found a shadowy altar of Dithmenos.
 23906 | D:9      | Bought the amulet "Bufegie" {rPois Will+ Regen+ Str+7
                  | Dex-5} for 663 gold pieces
 24038 | D:8      | Killed Zeld's ghost
 24273 | Lair:6   | Entered Level 6 of the Lair of Beasts
 24529 | Lair:6   | Found a viscous altar of Jiyva.
 24530 | Lair:6   | Found a staircase to the Slime Pits.
 24852 | Lair:6   | Reached XP level 16. HP: 70/114 MP: 16/16
 25728 | Orc:1    | Entered Level 1 of the Orcish Mines
 25772 | Orc:1    | Gained mutation: You rapidly evolve. [evolution]
 26203 | Orc:2    | Entered Level 2 of the Orcish Mines
 26231 | Orc:2    | Found a dark tunnel.
 26247 | Volcano  | Entered a volcano
 26489 | Orc:2    | Found a staircase to the Elven Halls.
 26914 | Orc:2    | Reached skill level 10 in Evocations
 27026 | Orc:2    | Found Guacem's General Store.
 27026 | Orc:2    | Found Siedoror's Book Emporium.
 27027 | Orc:2    | Found Asepn's Antique Armour Emporium.
 27027 | Orc:2    | Found Ytoashid's Assorted Antiques.
 27177 | Orc:2    | Bought a wand of enslavement (4) for 96 gold pieces
 27177 | Orc:2    | Bought a potion of berserk rage for 80 gold pieces
 27177 | Orc:2    | Bought a potion of heal wounds for 80 gold pieces
 27312 | D:13     | Bought a wand of disintegration (14) for 306 gold pieces
 27312 | D:13     | Bought a potion of curing for 51 gold pieces
 27335 | D:13     | Bought a scroll of fear for 101 gold pieces
 27335 | D:13     | Bought 2 potions of heal wounds for 290 gold pieces
 27350 | D:13     | Bought a wand of flame (14) for 104 gold pieces
 27350 | D:13     | Bought a wand of acid (6) for 260 gold pieces
 27350 | D:13     | Bought a wand of disintegration (17) for 273 gold pieces
 27350 | D:13     | Bought a wand of paralysis (10) for 156 gold pieces
 27350 | D:13     | Bought a wand of disintegration (9) for 169 gold pieces
 27368 | D:13     | Bought a potion of curing for 42 gold pieces
 27368 | D:13     | Bought a scroll of blinking for 105 gold pieces
 27413 | D:15     | Bought a wand of enslavement (11) for 182 gold pieces
 27646 | D:4      | Bought a scroll of teleportation for 33 gold pieces
 27646 | D:4      | Bought a wand of paralysis (10) for 132 gold pieces
 27815 | Snake:1  | Entered Level 1 of the Snake Pit
 28200 | Snake:1  | Found a stormy altar of Qazlal.
 28594 | Snake:2  | Reached XP level 17. HP: 122/122 MP: 17/17
 28867 | Snake:2  | Noticed Aizul
 28896 | Snake:2  | Killed Aizul
 29192 | Snake:2  | Gained mutation: You are partially covered in icy blue
                  | scales. (AC +2) [evolution]
 29331 | Snake:3  | Noticed Mara
 29340 | Snake:3  | HP: 3/123 [naga warrior/+0 halberd (4)]
 29488 | Snake:3  | Killed Mara
 30128 | D:9      | Bought a manual of Fighting for 1766 gold pieces
 30469 | Lair:5   | Killed Benwarutz's ghost
 30660 | Swamp:1  | Entered Level 1 of the Swamp
 30663 | Swamp:1  | Noticed Josephine
 30673 | Swamp:1  | Killed Josephine
 30884 | Swamp:1  | Gained mutation: You are robust. (+10% HP) [evolution]
 31023 | Swamp:1  | Found a transporter.
 31029 | Swamp:1  | Noticed Klatu's ghost (journeyman DsNe)
 31044 | Swamp:1  | Found a transporter.
 31136 | Swamp:1  | Identified Hadirem's Tome of Shifting Calling
 31534 | Swamp:2  | Reached XP level 18. HP: 130/145 MP: 18/18
 31854 | Swamp:2  | Reached skill level 15 in Fighting
 32426 | D:9      | Bought a scroll of teleportation for 54 gold pieces
 32426 | D:9      | Bought a potion of resistance for 180 gold pieces
 32426 | D:9      | Bought a potion of heal wounds for 90 gold pieces
 32426 | D:9      | Bought a scroll of teleportation for 54 gold pieces
 33227 | Swamp:4  | Entered Level 4 of the Swamp
 33403 | Swamp:4  | Found a transporter.
 33425 | Swamp:4  | Found a transporter.
 33433 | Swamp:4  | Noticed Jeuwayte's ghost (adept DgEE)
 34117 | Swamp:4  | Got a decaying rune of Zot
 34480 | Snake:4  | Entered Level 4 of the Snake Pit
 34543 | Snake:4  | Noticed Bai Suzhen
 34551 | Snake:3  | Reached XP level 19. HP: 129/158 MP: 19/19
 34588 | Snake:3  | Killed from afar by a shock serpent

Illustrated notes

Levels and vault maps discovered:
D:1:      roderic_crop_circles_arrival_small, layout_loops_ring,
          minmay_misc_feat_columns, nrook_mini_vaults, minmay_bisected
D:2:      layout_basic, amcnicky_mini_corridor_feature, minmay_misc_feat_cross,
          minmay_stone_trees_small
D:3:      layout_basic, gammafunk_temple_of_torment,
          chequers_serial_rivers_room_a, serial_bayou_crossing
D:4:      layout_basic, serial_shops, shop, shop, shop_fountains,
          kennysheep_windowed_goal
D:5:      layout_basic, serial_shops, shop, nicolae_qazlal_general_emergency,
          uniq_pikel, uniq_crazy_yiuf_cottage, uniq_blork_the_orc
D:6:      layout_basic, chequers_temple_overflow_statue_of_worship,
          temple_statues, lightli_sewer_entry_pipes
D:7:      layout_cave_pods, serial_park_tiny_1
D:8:      layout_basic, gammafunk_ghost_stat_death, enter_bailey_2, uniq_erica
D:9:      layout_irregular_city, dpeg_oklobed_lair
D:10:     layout_rooms
D:11:     layout_small_grid, minmay_orc_entry_guard_dogs
D:12:     layout_loops_ring, serial_glass, glass_columns_b, glass_columns_b,
          serial_shops, shop_statue, hex_medium, uniq_kirke
D:13:     layout_cave_pools, david_vaults_1, special_room [special_room_orc],
          serial_shops, shop, nicolae_shop_trees, shop, shop
D:14:     layout_long_grid, portal_ice_cave_entry_ice_beasts, serial_shops,
          shop, nicolae_shop_competitors_out_of_business, shop,
          grunt_dithmenos_smoke
D:15:     grunt_enter_depths_magical_seal, layout_rooms, serial_shops,
          nicolae_shop_waterfront
Temple:   compressed_dpeg_circular_temple
Lair:1:   layout_regular_city
Lair:2:   layout_loops_ring
Lair:3:   layout_long_grid, nicolae_swamp_entry_splash_gauntlet,
          guppyfry_snake_entry_garden, uniq_sonja
Lair:4:   cheibrodos_lair_overgrown_chateau, layout_loops_ring,
          lemuel_fruit_tree, lemuel_fruit_fields, uniq_urug, uniq_nessos
Lair:5:   layout_misc_corridors, gammafunk_ghost_hive, lemuel_fruit_fields
Lair:6:   minmay_lair_end_frog_pond, layout_regular_city,
          dpeg_slime_entry_enclosed_altar, grunt_megastairs_3
Swamp:1:  layout_basic_swamp, gammafunk_ghost_berserking_beasts,
          nicolae_swamp_round_clearing, uniq_josephine
Swamp:2:  layout_falls_marsh, infiniplex_staircase_pool,
          hangedman_swamp_ravenous
Swamp:3:  layout_basic_swamp, evilmike_swamp_ruin_house_1
Swamp:4:  swamp_basic_johnstein, layout_basic_swamp,
          gammafunk_ghost_berserking_beasts, infiniplex_staircase_pool_2
Snake:1:  layout_onion_interference, serial_bayou_lagoon_a, lemuel_oklob_altar
Snake:2:  layout_gridlike, uniq_aizul
Snake:3:  layout_misc_corridors, grunt_ministairs_1, uniq_mara
Snake:4:  grunt_snake_rune_spirals, layout_onion,
          gammafunk_ghost_abyssal_escape, grunt_ministairs_5,
          serial_bayou_pond_b, uniq_bai_suzhen
Orc:1:    layout_diamond_mine, elves_outpost_lemuel
Orc:2:    st_orc_pillars, layout_diamond_mine, enter_volcano_3

Skill      XL: |  1  2  3  4  5  6  7  8  9 10 11 12 13 14 15 16 17 18 |
---------------+-------------------------------------------------------+-----
Stealth        | 1 2 3 4 5 7 8 9 10 11 12 | 12.0
Long Blades    | 3 |  3.7
Evocations     | 2 3 4 6 7 8 9 10 11 12 | 12.0
Polearms       | 2 6 8 9 10 11 13 15 16 17 | 17.9
Fighting       | 4 5 6 7 8 10 11 13 14 17 | 17.1
Shields        | 4 5 7 8 9 11 12 13 14 | 14.9
Dodging        | 4 5 7 8 9 11 12 13 14 | 14.9

Action                   |  1- 3 |  4- 6 |  7- 9 | 10-12 | 13-15 | 16-18 | 19-21 || total
-------------------------+-------+-------+-------+-------+-------+-------+-------++-------
Melee: Long sword        |   137 |    57 |       |       |       |       |       ||   194
       Constrict         |    76 |    27 |    65 |   100 |   208 |   168 |     3 ||   647
       Tentacles         |    42 |    20 |    79 |   227 |   448 |   472 |     3 ||  1291
       Spear             |       |    47 |   294 |   346 |       |       |       ||   687
       Trident           |       |       |       |   363 |  1112 |  1317 |     5 ||  2797
Throw: Boomerang         |       |       |       |    28 |    36 |    81 |       ||   145
Invok: Call Merchant     |       |       |       |       |     1 |     2 |       ||     3
       Potion Petition   |       |       |       |       |       |     1 |       ||     1
Evoke: Wand              |       |       |     3 |    12 |     5 |    12 |       ||    32
       Phial of floods   |       |       |       |       |     1 |     2 |       ||     3
       Box of beasts     |       |       |       |       |     1 |     1 |       ||     2
       Phantom mirror    |       |       |       |       |     1 |       |       ||     1
  Use: Scroll            |     6 |     7 |     6 |     5 |    16 |    11 |     1 ||    52
       Potion            |       |     1 |     2 |     4 |     5 |     3 |       ||    15
 Stab: Sleeping          |     9 |     8 |     8 |    16 |    43 |    21 |       ||   105
       Distracted        |     1 |       |     1 |     5 |    10 |    24 |       ||    41
       Invisible         |       |       |       |       |     2 |       |       ||     2
       Fleeing           |       |       |       |       |       |       |     1 ||     1
Armor: Skin              |     4 |     6 |     1 |    11 |    38 |    40 |       ||   100
Dodge: Dodged            |    26 |    41 |    67 |   172 |   352 |   454 |     6 ||  1118
Block: Kite shield       |    29 |    59 |   110 |   308 |   572 |   730 |    17 ||  1825
       Rpst.: Long sword |     5 |     5 |       |       |       |       |       ||    10
